 Dungeon Crawl Stone Soup version 0.24-a0-639-gb70a11d811 (webtiles) character file.

Game seed: 2358448420409507395, levelgen mode: deterministic

8765 MalarOregon the Frost Mage (level 11, -6/84 HPs)
             Began as a Yellow Draconian Ice Elementalist on Sept 23, 2019.
             Was an Elder of Hepliaklqana.
             Mangled by a vampire (8 damage)
             ... on level 11 of the Dungeon.
             The game lasted 00:25:59 (11428 turns).

MalarOregon the Frost Mage (DrIE)                  Turns: 11428, Time: 00:25:59

Health: -6/84      AC: 10    Str: 10    XL:     11   Next: 14%
Magic:  8/21       EV: 16    Int: 22    God:    Hepliaklqana [****..]
Gold:   596        SH:  5    Dex: 12    Spells: 5/24 levels left

rFire    . . .     SeeInvis .   q - +0 morningstar
rCold    . . .     Gourm    .   z - +0 buckler
rNeg     . . .     Faith    .   (armour unavailable)
rPois    .         Spirit   .   (helmet restricted)
rElec    .         Reflect  .   (no cloak)
rCorr    +         Harm     .   A - +2 pair of gloves
MR       +....                  (no boots)
Stlth    ++........             (no amulet)
HPRegen  0.24/turn              h - +3 ring of intelligence
MPRegen  0.17/turn              l - ring of protection from magic

@: about to teleport
A: spit acid, unfitting armour, reduced essence, cold-blooded, acid resistance,
AC +7
a: Breathe Acid, Recall Ancestor, Ancestor Identity, Transference, Idealise,
Renounce Religion


You were on level 11 of the Dungeon.
You worshipped Hepliaklqana.
Hepliaklqana was greatly pleased with you.
You were not hungry.

You visited 2 branches of the dungeon, and saw 12 of its levels.

You collected 596 gold pieces.

Inventory:

Hand Weapons
 q - a +0 morningstar (weapon)
   (You took it off an orc on level 4 of the Dungeon)
 w - a +2 whip of flaming
   (You took it off Pikel on level 8 of the Dungeon)
Missiles
 b - 269 arrows
 i - 6 poisoned darts (quivered)
 x - 2 atropa-tipped darts
Armour
 z - a +0 buckler (worn)
   (You found it on level 2 of the Dungeon)
 A - a +2 pair of gloves (worn)
   (You found it on level 7 of the Dungeon)
Jewellery
 h - a +3 ring of intelligence (left hand)
   (You found it on level 2 of the Dungeon)
 l - a ring of protection from magic (right hand)
   (You found it on level 7 of the Dungeon)
Wands
 r - a wand of polymorph (20)
   (You found it on level 4 of the Dungeon)
 t - a wand of flame (19)
   (You found it on level 9 of the Dungeon)
 D - a wand of clouds (6)
   (You found it on level 7 of the Dungeon)
Scrolls
 a - 7 scrolls of teleportation {@r4}
 g - a scroll of fog {unknown}
 m - 3 scrolls of identify {@r1}
 o - 2 scrolls of remove curse {@r2}
 s - a scroll of immolation {unknown}
Potions
 c - a potion of heal wounds {@q2}
 d - 4 potions of berserk rage
 f - 2 potions of brilliance
 j - 6 potions of curing {@q1}
 k - 5 potions of flight
 n - a potion of invisibility
 p - a potion of resistance
 v - a potion of agility
 B - a potion of might {unknown}
 C - 2 potions of mutation {!q}
 F - a potion of haste {unknown}
 H - a potion of lignification {unknown}
Comestibles
 e - 9 rations {!d}
 u - 8 chunks of flesh


   Skills:
 * Level 8.1 Fighting
 + Level 5.1 Maces & Flails
 * Level 7.2 Dodging
 - Level 1.7 Stealth
 - Level 4.0 Shields
 * Level 7.1 Spellcasting
 - Level 5.0 Conjurations
 + Level 0.6 Hexes
 + Level 0.6 Summonings
 + Level 0.6 Translocations
 * Level 8.1 Ice Magic
 + Level 0.6 Invocations
 + Level 0.9 Evocations


You had 5 spell levels left.
You knew the following spells:

 Your Spells              Type           Power        Failure   Level  Hunger
a - Freeze                Ice            ####         1%          1    None
b - Summon Ice Beast      Ice/Summ       ####....     13%         4    ###....
c - Throw Icicle          Conj/Ice       #####...     5%          4    ###....
d - Portal Projectile     Hex/Tloc       ##....       19%         3    None
w - Summon Mana Viper     Hex/Summ       ##......     86%         5    #####..
x - Throw Frost           Conj/Ice       #####.       1%          2    None

Your spell library contained the following spells:

 Spells                   Type           Power        Failure   Level  Hunger
 Ozocubu's Armour         Chrm/Ice       ####....     4%          3    None
 Corona                   Hex            ##.....      6%          1    None
 Summon Butterflies       Summ           ##......     6%          1    None
 Infusion                 Chrm           #...         9%          1    None
 Slow                     Hex            ##......     10%         2    None
 Shroud of Golubria       Chrm/Tloc      #.....       11%         2    None
 Song of Slaying          Chrm           #.......     12%         2    None
 Call Canine Familiar     Summ           ##......     19%         3    None
 Inner Flame              Hex/Fire       #.......     22%         3    None
 Spectral Weapon          Hex/Chrm       #.......     22%         3    None
 Regeneration             Chrm/Necr      #.........   24%         3    None
 Cause Fear               Hex            ##........   52%         4    ###....
 Leda's Liquefaction      Hex/Erth       #.........   56%         4    ###....
 Summon Hydra             Summ           ##........   100%        7    #######


Dungeon Overview and Level Annotations

Branches:
Dungeon (11/15)            Temple (1/1) D:4            Lair (0/6) D:8
    Orc (0/2) D:9

Altars:
Ashenzari
Cheibriados
Dithmenos
Elyvilon
Fedhas
Gozag
Hepliaklqana
Kikubaaqudgha
Makhleb
Nemelex Xobeh
Okawaru
Qazlal
Ru
Sif Muna
Trog
Uskayaw
Vehumet
Wu Jian
Xom
Yredelemnul
Zin
The Shining One

Annotations:
D:2 exclusion: moth of wrath


Innate Abilities, Weirdness & Mutations

You can spit globs of acid.
Your golden yellow scales are hard. (AC +7)
You cannot fit into any form of body armour.
You are cold-blooded and may be slowed by cold attacks.
You are resistant to acid. (rCorr)
Your life essence is reduced to manifest your ancestor. (-10% HP)


Message History

Aim: a vampire (moderately damaged)
The vampire resists.
You freeze the vampire. The bullfrog closely misses you.
The centaur unwields a +0 shortbow.
The centaur completely misses you. The vampire closely misses you.
You block the vampire's attack.
The centaur shoots an arrow.
The arrow hits Edmée!
Edmée hits the centaur with a +0 quarterstaff!
Aim: a vampire (heavily damaged)
Okay, then.
Aim: a vampire (heavily damaged)
The shard of ice hits the vampire!
The vampire partially resists.
The bullfrog misses you.
The centaur shoots an arrow.
The arrow misses Edmée.
The arrow hits you!
* * * LOW HITPOINT WARNING * * *
The vampire hits you!
* * * LOW HITPOINT WARNING * * *
You block the vampire's attack. The bullfrog completely misses you.
Aim: a vampire (almost destroyed)
The shard of ice hits the vampire.
The vampire partially resists.
The centaur hits you.
* * * LOW HITPOINT WARNING * * *
The centaur shoots an arrow.
The arrow hits Edmée!
Edmée hits the centaur with a +0 quarterstaff.
The bullfrog hits you but does no damage.
You block the centaur's attack.
The vampire mumbles some strange words.
The vampire flickers and vanishes!
Deactivating autopickup; reactivate with Ctrl-A.
The centaur misses you.
Unknown command.
Okay, then.
Aim: a centaur You freeze the centaur!
The centaur shoots an arrow.
The arrow hits Edmée.
The bullfrog completely misses you. The centaur barely misses you.
You block the centaur's attack.
Edmée closely misses the centaur.
Unholy energy fills the air.
* * * LOW HITPOINT WARNING * * *
The centaur shoots an arrow.
The arrow hits Edmée!
You block the bullfrog's attack. The centaur misses you.
Unknown command.
Unknown command.
As you read the scroll of teleportation {@r4}, it crumbles to dust.
You feel strangely unstable. The centaur completely misses you.
The bullfrog hits you!
* * * LOW HITPOINT WARNING * * *
The centaur closely misses you.
Edmée barely misses the centaur.
The centaur unwields a +0 shortbow.
The centaur hits Edmée.
Edmée is destroyed!
Something hits you but does no damage. Something bites you!
You die...

....!.######...
..............#
..............#
........%.....#
..............#
..<......D....#
......c{Fc.....
......c@(......
...###(........ #
#..####... #..
#..# .#
#.<.###..# ..#
#........####...#
................#
....####........#
.^. #.####...#


You could see an acid dragon, a bullfrog and 3 centaurs.

Vanquished Creatures
  2 two-headed ogres
  Pikel (D:8)
  A hippogriff (D:10)
  2 slaves
  4 ogres
  A sky beast (D:10)
  A black bear (D:10)
  3 centaurs
  4 bullfrogs
  5 killer bees (D:10)
  3 bullfrog zombies
  3 crimson imps
  A centaur zombie (D:10)
  4 orc priests
  2 hounds
  2 jellies
  3 orc wizards
  6 worker ants
  A killer bee zombie (D:9)
  A hound zombie (D:7)
  3 hound skeletons
  2 howler monkey zombies
  2 worker ant zombies
  9 adders
  An adder zombie (D:5)
  5 worms
  3 dart slugs
  3 leopard geckos
  17 orcs
  9 bats
  3 giant cockroaches
  8 goblins
  13 hobgoblins
  2 jackals (D:7)
  2 quokkas
  6 frilled lizards
  11 kobolds
  2 leopard gecko skeletons
  A quokka skeleton (D:5)
  8 rats
160 creatures vanquished.

Vanquished Creatures (collateral kills)
  Erica (D:8)
  A two-headed ogre (D:8)
  An unseen horror (D:10)
  A troll (D:10)
  A wraith (D:11)
  2 wyverns (D:9)
  A water moccasin (D:9)
  2 ice beasts
  An orc warrior (D:8)
  A slave (D:8)
  2 ogres (D:9)
  A phantom (D:10)
  5 centaurs
  2 big kobolds
  6 bullfrogs
  2 scorpions
  A howler monkey (D:6)
  2 crimson imps
  2 hounds
  2 quasits
  2 orc priests
  2 jellies
  An iguana (D:5)
  4 orc wizards
  A hound skeleton (D:8)
  2 adders
  2 shadow imps
  An ooze (D:3)
  9 orcs
  A giant cockroach (D:7)
  4 jackals (D:7)
  A quokka (D:4)
  A bat (D:2)
  5 kobolds
  A leopard gecko skeleton (D:6)
  2 rats (D:2)
76 creatures vanquished.

Vanquished Creatures (others)
  A slave (D:8)
  3 battlemagi
  2 ancestors (D:2)
6 creatures vanquished.

Grand Total: 242 creatures vanquished

Notes
Turn   | Place    | Note
-------+----------+-------------------------------------------
     0 | D:1      | MalarOregon the Draconian Ice Elementalist began the quest
                  | for the Orb.
     0 | D:1      | Reached XP level 1. HP: 14/14 MP: 3/3
   184 | D:1      | Reached XP level 2. HP: 4/22 MP: 0/5
   450 | D:1      | Learned a level 2 spell: Throw Frost
  1329 | D:1      | Reached skill level 1 in Fighting
  1329 | D:1      | Reached XP level 3. HP: 19/28 MP: 0/6
  1656 | D:2      | Found a hazy altar of Hepliaklqana.
  1667 | D:2      | Became a worshipper of Hepliaklqana the Forgotten
  1986 | D:2      | Noticed a moth of wrath
  1988 | D:2      | Found a bloodstained altar of Trog.
  2207 | D:2      | Reached XP level 4. HP: 11/31 MP: 4/7
  3006 | D:3      | Reached * piety under Hepliaklqana
  3214 | D:3      | Reached skill level 1 in Maces & Flails
  3217 | D:3      | Reached XP level 5. HP: 36/36 MP: 1/9
  3293 | D:3      | Found a snail-covered altar of Cheibriados.
  3710 | D:4      | Noticed an ogre
  3719 | D:4      | Killed an ogre
  3719 | D:4      | Reached skill level 1 in Shields
  3719 | D:4      | Reached XP level 6. HP: 30/45 MP: 3/10
  4609 | D:4      | Reached ** piety under Hepliaklqana
  4610 | D:4      | Remembered your ancestor Edmée as a battlemage
  4652 | D:4      | Found a staircase to the Ecumenical Temple.
  4677 | Temple   | Entered the Ecumenical Temple
  4961 | D:5      | Entered Level 5 of the Dungeon
  5093 | D:5      | Your scales start taking on a golden yellow colour.
  5093 | D:5      | Reached XP level 7. HP: 48/51 MP: 12/12
  5093 | D:5      | Gained mutation: You are resistant to acid. (rCorr) [Yellow
                  | Draconian growth]
  5728 | D:6      | Reached *** piety under Hepliaklqana
  5763 | D:6      | Reached XP level 8. HP: 55/59 MP: 14/14
  6210 | D:7      | Reached skill level 5 in Ice Magic
  6322 | D:7      | Found a burning altar of Makhleb.
  6323 | D:7      | Found a radiant altar of Vehumet.
  6323 | D:7      | Found an iron altar of Okawaru.
  6324 | D:7      | Found a sparkling altar of Nemelex Xobeh.
  6531 | D:7      | Found a glowing golden altar of the Shining One.
  6744 | D:7      | Found a glowing silver altar of Zin.
  6886 | D:8      | Noticed Pikel
  7382 | D:8      | Noticed a two-headed ogre
  7395 | D:8      | Killed a two-headed ogre
  7395 | D:8      | Reached skill level 5 in Fighting
  7395 | D:8      | Reached skill level 5 in Dodging
  7395 | D:8      | Reached skill level 5 in Spellcasting
  7395 | D:8      | Reached XP level 9. HP: 16/66 MP: 11/16
  7406 | D:8      | Noticed Erica
  7662 | D:8      | Killed Erica
  7932 | D:8      | Killed Pikel
  8014 | D:8      | Found an ancient bone altar of Kikubaaqudgha.
  8119 | D:8      | Found a staircase to the Lair.
  8127 | D:8      | Found a shattered altar of Ashenzari.
  8223 | D:8      | Reached XP level 10. HP: 56/75 MP: 1/18
  8322 | D:8      | Reached **** piety under Hepliaklqana
  8577 | D:9      | Found a staircase to the Orcish Mines.
  8680 | D:9      | Found an ornate altar of the Wu Jian Council.
  8734 | D:9      | Found a basalt altar of Yredelemnul.
  8759 | D:9      | Found a blossoming altar of Fedhas.
  8768 | D:9      | Found a stormy altar of Qazlal.
  9535 | D:10     | Entered Level 10 of the Dungeon
  9567 | D:10     | Noticed a two-headed ogre
  9655 | D:9      | Killed a two-headed ogre
 10450 | D:10     | Reached skill level 5 in Conjurations
 10539 | D:10     | Learned a level 4 spell: Throw Icicle
 10543 | D:10     | Learned a level 3 spell: Portal Projectile
 10548 | D:10     | Learned a level 4 spell: Summon Ice Beast
 10611 | D:10     | Killed an unseen horror
 10611 | D:10     | Reached skill level 5 in Maces & Flails
 10794 | D:10     | Learned a level 5 spell: Summon Mana Viper
 10940 | D:10     | Reached XP level 11. HP: 78/84 MP: 13/21
 11048 | D:10     | Noticed a two-headed ogre
 11054 | D:10     | Killed a two-headed ogre
 11428 | D:11     | HP: 2/84 [bullfrog (8)]
 11428 | D:11     | Mangled by a vampire

Levels and vault maps discovered:
D:1:      mushboom_english_gardens, layout_loops_corners
D:2:      layout_loops_ring, overflow_temple_1_default, tgw_trog,
          serial_co_window_serial, co_window_paths_b, co_window_corner_a,
          co_window_of_opportunity_a, co_window_corner_a, co_window_paths_a,
          co_window_corner_b, co_window_corner_b, co_window_corner_cb,
          co_window_of_opportunity_c, co_window_unsneaky_path_c,
          co_window_4corner_b, glass_columns_a, glass_columns_b
D:3:      layout_basic, lemuel_doored_altar
D:4:      corexii_shack_village, layout_loops_corners,
          minmay_temple_entry_statues_fountains, first_ration
D:5:      layout_rooms, moated_statue
D:6:      layout_layer_cave
D:7:      layout_rooms, lemuel_coloured_pillars_altar,
          chequers_temple_overflow_statue_of_worship, old_standard_altar
D:8:      layout_rooms, nicolae_ashenzari_panopticon, lair_entry_dummy,
          basic_altar, uniq_erica, uniq_pikel
D:9:      layout_grid_maze, grunt_temple_overflow_forces_of_nature,
          lemuel_crystal_altar, basic_altar
D:10:     layout_basic
D:11:     layout_small_grid
Temple:   nicolae_temple_figure_zero

Skill      XL: |  1  2  3  4  5  6  7  8  9 10 11 |
---------------+----------------------------------+-----
Dodging        | 2 3 4 5 7 |  7.2
Fighting       | 1 2 3 4 5 6 7 8 |  8.1
Maces & Flails | 1 2 3 4 5 |  5.1
Shields        | 1 2 3 4 |  4.0
Spellcasting   | 3 4 5 7 |  7.1
Ice Magic      | 4 6 8 |  8.1
Conjurations   | 2 3 4 5 |  5.0
Stealth        | |  1.7
Hexes          | |  0.6
Summonings     | |  0.6
Translocations | |  0.6
Invocations    | |  0.6
Evocations     | |  0.9

Action                   |  1- 3 |  4- 6 |  7- 9 | 10-12 || total
-------------------------+-------+-------+-------+-------++-------
Melee: Unarmed           |     4 |       |       |       ||     4
       Whip              |    31 |   129 |   157 |   120 ||   437
       Tailslap          |     3 |    11 |    22 |    16 ||    52
       Morningstar       |       |       |       |    73 ||    73
Throw: Dart              |    59 |    24 |     9 |       ||    92
 Cast: Freeze            |    35 |    35 |    44 |    34 ||   148
       Throw Frost       |     8 |    38 |    35 |    28 ||   109
       Throw Icicle      |       |       |       |     4 ||     4
Invok: Ancestor Life: Ba |       |     1 |       |       ||     1
       Recall Ancestor   |       |       |     1 |     1 ||     2
  Use: Potion            |     2 |       |       |       ||     2
       Scroll            |       |     9 |       |    11 ||    20
 Stab: Sleeping          |       |     2 |       |     3 ||     5
       Distracted        |       |       |       |     4 ||     4
  Eat: Chunk             |     2 |     7 |    10 |    11 ||    30
       Ration            |     2 |       |       |       ||     2
Armor: Skin              |    34 |    34 |    37 |    67 ||   172
Dodge: Dodged            |    54 |    68 |   124 |   181 ||   427
Block: Buckler           |     2 |    20 |    31 |    82 ||   135

Table legend:
 A = Non-vault XP
 B = Vault XP
 C = Vault XP percentage of total XP
 D = Non-vault monster count
 E = Vault monster count
 F = Vault count percentage of total count
                 A         B        C        D         E       F
            +---------+---------+-------+---------+---------+-------
      Total |   10929 |    1593 |  12.7 |     214 |      19 |   8.2
            +---------+---------+-------+---------+---------+-------
        D:1 |      44 |       0 |   0.0 |      21 |       0 |   0.0
        D:2 |      45 |      13 |  22.4 |      13 |       5 |  27.8
        D:3 |     158 |       0 |   0.0 |      25 |       0 |   0.0
        D:4 |     333 |      24 |   6.7 |      15 |      12 |  44.4
        D:5 |     396 |       0 |   0.0 |      14 |       0 |   0.0
        D:6 |     434 |       0 |   0.0 |      10 |       0 |   0.0
        D:7 |     522 |       0 |   0.0 |      22 |       0 |   0.0
        D:8 |    2389 |    1556 |  39.4 |      28 |       2 |   6.7
        D:9 |    2659 |       0 |   0.0 |      30 |       0 |   0.0
       D:10 |    3498 |       0 |   0.0 |      30 |       0 |   0.0
       D:11 |     451 |       0 |   0.0 |       6 |       0 |   0.0
            +---------+---------+-------+---------+---------+-------
